 Dungeon Sprint DCSS version 0.31-a0-180-g519b7de00c (webtiles) character file.

Game seed: 15326682809307293488

42 rocky1 the Poker (level 3, -4/29 HPs)
             Began as a Merfolk Gladiator on June 20, 2023.
             Slain by a human (8 damage)
             ... in the Dungeon (Sprint III: "The Ten Rune Challenge").
             The game lasted 00:01:07 (269 turns).

rocky1 the Poker (Merfolk Gladiator)                 Turns: 269, Time: 00:01:07

Health: -4/29      AC:  4    Str: 16    XL:     3   Next: 56%
Magic:  3/3        EV: 14    Int:  7    God:
Gold:   0          SH:  0    Dex: 15    Spells: 2/2 levels left

rFire   . . .        a - +0 trident
rCold   . . .        (no shield)
rNeg    . . .        b - +0 leather armour
rPois   .            c - +0 helmet
rElec   .            (no cloak)
rCorr   .            (no gloves)
SInv    .            (no boots)
Will    .....        (no amulet)
Stlth   +            (no ring)
HPRegen 0.24/turn    (no ring)
MPRegen 0.08/turn

%: no teleportation
@: no status effects
A: (nimble swimmer 2), mertail
a: no special abilities


You were in the Dungeon.
You visited 1 branch

Inventory:

Hand Weapons
 a - a +0 trident (weapon)
Missiles
 e - a javelin
Armour
 b - a +0 leather armour (worn)
 c - a +0 helmet (worn)
Scrolls
 k - a scroll of blinking
 l - a scroll of amnesia {unknown}
Potions
 f - a potion of curing
 h - a potion of haste
 i - 2 potions of magic
 j - a potion of berserk rage


   Skills:
 + Level 3.5 Fighting
 + Level 6.8 Polearms
 + Level 2.9 Throwing
 + Level 6.3 Dodging
 + Level 0.6 Stealth


You had 2 spell levels left.
You didn't know any spells.
Your spell library was empty.

Dungeon Overview and Level Annotations

Branches:
Dungeon (1/1)

Altars:


Innate Abilities, Weirdness & Mutations

((You are very nimble when in or above water. (Stealth+, EV+, Speed+++)))
Your lower body shifts to a powerful aquatic tail in water.


Message History

The human is lightly wounded.
The human hits you.
You miss the human.
The human is lightly wounded.
The human closely misses you.
You hit the human.
The human is lightly wounded.
The human closely misses you.
You closely miss the human.
The human is lightly wounded.
The human barely misses you.
You barely miss the human.
The human is lightly wounded.
The human hits you but does no damage.
You closely miss the human.
The human is lightly wounded.
You closely miss the human.
The human is lightly wounded.
The human hits you!
You closely miss the human.
The human is lightly wounded.
The human hits you!
You hit the human.
The human is moderately wounded.
The human closely misses you.
You barely miss the human. Your punch misses the human.
The human is moderately wounded.
The human hits you!
* * * LOW HITPOINT WARNING * * *
You puncture the human!
The human is severely wounded.
The human misses you.
You hit the human.
The human is severely wounded.
The human hits you.
* * * LOW HITPOINT WARNING * * *
You closely miss the human.
The human is severely wounded.
The human hits you!
You die...

▓...#......##
▓..##.).....#
▓##.##.##...# .#
##.##.###..# ..#
▓#.####.##..# ...+
▓.###..##.†##
#p..# ▓#.....##..#
#....#
###..##...##.....#
##..##...@#......#
#..###..##p# #..#
#.. ### ▓▓▓▓ ▓▓▓


You could see a human.

Vanquished Creatures
  Jessica (D)
  A wolf (D)
  An endoplasm (D)
  2 rats (D)
5 creatures vanquished.

Notes
Turn   | Place    | Note
-------+----------+-------------------------------------------
     0 | D        | rocky1 the Merfolk Gladiator began the quest for the Orb.
     0 | D        | Reached XP level 1. HP: 16/16 MP: 1/1
    29 | D        | Noticed Jessica
    36 | D        | Killed Jessica
    37 | D        | Reached XP level 2. HP: 16/24 MP: 2/2
    37 | D        | Reached XP level 3. HP: 19/29 MP: 3/3
   269 | D        | Slain by a human

Illustrated notes

Levels and vault maps discovered:
D:        dungeon_sprint_mu [sprint_mu_entry_cave, sprint_mu_temple_rooms,
          sprint_mu_d1_spiders, sprint_mu_d2_genie, sprint_mu_d3_branching,
          sprint_mu_orc_legion, sprint_mu_elf_gauntlet, sprint_mu_hive_nellie,
          sprint_mu_lair_fedhas, sprint_mu_vaults_butterflies,
          sprint_mu_slime_circle, sprint_mu_swamp_cave, sprint_mu_snake_twists,
          sprint_mu_blade_basic, sprint_mu_crypt_fortress,
          sprint_mu_tomb_spiral, sprint_mu_vestibule_basic,
          sprint_mu_gehenna_hellfire, sprint_mu_dis_giant,
          sprint_mu_tartarus_statrot, sprint_mu_cocytus_islands, sprint_mu_zot1]

Skill      XL: |  1 |
---------------+----+-----
Fighting       | 3 |  3.5
Polearms       | 6 |  6.8
Dodging        | 6 |  6.3
Throwing       | |  2.9
Stealth        | |  0.6

Action                     || total
---------------------------++-------
  Melee: Trident           ||    42
  Throw: Throwing net      ||     3
    Use: Potion            ||     1
   Stab: Sleeping          ||     1
 Armour: Leather armour    ||     1
  Dodge: Dodged            ||    24

Table legend: (Time is in decaauts)
 A = Elapsed time spent in this place.
 B = Non-inter-level travel time spent in this place.
 C = Inter-level travel time spent in this place.
 D = Time resting spent in this place.
 E = Time spent auto-exploring this place.
 F = Levels seen in this place.
 G = Mean time per level.
                   A        B        C        D        E       F      G
               +--------+--------+--------+--------+--------+-----+--------+
         Total |    273 |    273 |      0 |    188 |      0 |   1 |  273.0 |
       Dungeon |    273 |    273 |      0 |    188 |      0 |   1 |  273.0 |
               +--------+--------+--------+--------+--------+-----+--------+

Top non-repeatable levels by time:
       D: 273 daAuts
